 Dungeon Crawl Stone Soup version 0.14.1-24-gbdbe590 (webtiles) character file.

613 Kenran the Cleaver (level 7, -6/57 HPs)
             Began as a Hill Orc Fighter on June 19, 2014.
             Was an Initiate of Makhleb.
             Killed by divine providence
             ... invoked by an orc priest
              (16 damage)
             ... on Level 5 of the Dungeon.
             The game lasted 00:11:12 (3730 turns).

Kenran the Cleaver (Hill Orc Fighter)               Turns: 3730, Time: 00:11:12

HP  -6/57        AC 10     Str 19      XL: 7   Next:  4%
MP   7/7         EV  6     Int  8      God: Makhleb [......]
Gold 162         SH 19     Dex 12      Spells:  0 memorised,  6 levels left

rFire  . . .     SeeInvis .     a - +0 war axe
rCold  . . .     Clarity  .     b - +0 scale mail
rNeg   . . .     Conserve .     c - +1 shield
rPois  .         rCorr    .     p - +0 helmet
rElec  .         rRot     .     r - +0 cloak
SustAb . .       Spirit   .     q - +0 pair of gloves
rMut   .         Warding  .     (no boots)
Saprov + . .     Stasis   .     (no amulet)
MR     +....                    t - ring of protection from magic
                                h - ring of flight

@: somewhat resistant to hostile enchantments, extremely unstealthy
A: saprovore 1
a: Renounce Religion, Convert to Beogh, Evoke Flight


You were on level 5 of the Dungeon.
You worshipped Makhleb.
Makhleb was noncommittal.
You were not hungry.

You visited 2 branches of the dungeon, and saw 6 of its levels.

You collected 162 gold pieces.

Inventory:

Hand weapons
 a - a +0,+0 war axe (weapon)
Armour
 b - a +0 scale mail (worn)
 c - a +1 shield (worn)
 p - a +0 helmet (worn)
 q - a +0 pair of gloves (worn)
 r - a +0 cloak (worn)
Magical devices
 u - a wand of teleportation (6) {unknown}
Comestibles
 d - 2 meat rations
 i - 2 bread rations
Scrolls
 f - a scroll of enchant armour
 k - a scroll of blinking
 l - a scroll of teleportation
 s - 2 scrolls of identify
Jewellery
 h - a ring of flight (left hand)
 t - a ring of protection from magic (right hand)
Potions
 e - 2 potions of might
 g - 2 potions of curing {unknown}
 j - 2 potions of heal wounds {unknown}
 m - 3 potions of restore abilities {unknown}
 n - a potion of agility {unknown}
 o - a potion of haste {unknown}
 v - a potion of poison {unknown}
Books
 w - a book of Cantrips

   Spells                             Type                      Level
   Confusing Touch                    Hexes                        1
   Animate Skeleton                   Necromancy                   1
   Summon Small Mammal                Summoning                    1
   Apportation                        Translocation                1


   Skills:
 - Level 3.6 Fighting
 + Level 9.6 Axes
 - Level 3.2 Armour
 - Level 3.2 Shields


You had 6 spell levels left.
You didn't know any spells.

Dungeon Overview and Level Annotations

Branches:
Dungeon (5/15)             Temple (1/1) D:5

Altars:
Ashenzari
Cheibriados
Dithmenos
Kikubaaqudgha
Makhleb
Sif Muna
Trog
Yredelemnul
The Shining One


Innate Abilities, Weirdness & Mutations

You can tolerate rotten meat.


Message History

The orc priest picks up a dagger.
The orc priest wields a dagger.
You closely miss the orc priest.
The orc priest hits you but does no damage.
The goblin zombie barely misses you.
You hit the orc priest but do no damage.
The orc priest barely misses you.
The orc priest mumbles some strange prayers to Beogh against you.
Something smites you!
The goblin zombie hits you but does no damage.
Use which ability? (? or * to list)
Okay, then.
The ogre hits you with a giant club!
The orc priest prays to Beogh.
You feel troubled.
The orc priest mumbles some strange prayers to Beogh against you.
Something smites you!
* * * LOW HITPOINT WARNING * * *
The orc priest calls down the wrath of Beogh upon you.
Something smites you!
You die...

....... .##...##.##........ ....
...................
.###o############...#............
...)o.glo..o........#............
.###.#######z...............#####
..........O.................#####
............................##.).
......................(.....##...
...............[@................
.................................
###############............#####.
..............#(...........#####.
##########.#..................
ยง......#............######
########.%..........#
######...##.........#
#...############


You could see an ogre, an orc priest and a goblin zombie.

Vanquished Creatures
  An ice beast (D:5)
  A scorpion (D:4)
  A gnoll shaman (D:5)
  An orc priest (D:4)
  An iguana (D:4)
  An orc wizard (D:4)
  3 worker ants
  3 gnolls (D:5)
  An adder (D:3)
  A shadow imp (D:5)
  An ooze (D:4)
  11 orcs
  7 hobgoblins
  3 jackals (D:4)
  13 kobolds
  2 quokkas
  8 bats
  4 giant cockroaches
  2 giant geckos
  10 giant newts
  12 goblins
  A goblin skeleton (D:5)
  An orc skeleton (D:5)
  6 rats
95 creatures vanquished.

Notes
Turn   | Place    | Note
--------------------------------------------------------------
     0 | D:1      | Kenran, the Hill Orc Fighter, began the quest for the Orb.
     0 | D:1      | Reached XP level 1. HP: 19/19 MP: 1/1
     3 | D:1      | Noticed a giant goldfish
     3 | D:1      | Noticed a giant goldfish
   105 | D:1      | Reached XP level 2. HP: 26/26 MP: 2/2
   445 | D:1      | Reached skill level 4 in Axes
   847 | D:2      | Reached XP level 3. HP: 21/31 MP: 3/3
  1371 | D:3      | Reached skill level 5 in Axes
  1391 | D:3      | Found a shattered altar of Ashenzari.
  1911 | D:4      | Reached skill level 6 in Axes
  1911 | D:4      | Reached XP level 4. HP: 17/39 MP: 4/4
  2241 | D:4      | Found a bloodstained altar of Trog.
  2264 | D:4      | Reached XP level 5. HP: 38/45 MP: 5/5
  2517 | D:4      | Reached skill level 7 in Axes
  2667 | D:4      | Found an ancient bone altar of Kikubaaqudgha.
  2726 | D:4      | Noticed a scorpion
  2734 | D:4      | Killed a scorpion
  2734 | D:4      | Reached skill level 8 in Axes
  2734 | D:4      | Reached XP level 6. HP: 30/51 MP: 6/6
  3187 | D:5      | Entered Level 5 of the Dungeon
  3407 | D:5      | Found a staircase to the Ecumenical Temple.
  3415 | Temple   | Entered the Ecumenical Temple
  3428 | Temple   | Became a worshipper of Makhleb the Destroyer
  3560 | D:5      | Reached skill level 9 in Axes
  3569 | D:5      | Reached XP level 7. HP: 36/57 MP: 7/7
  3730 | D:5      | Killed from afar by an orc priest

Action                   |  1- 3 |  4- 6 |  7- 9 || total
-------------------------+-------+-------+-------++-------
Melee: War axe           |   164 |   171 |    13 ||   348
  Use: Scroll            |     7 |     3 |       ||    10
